 Dungeon Crawl Stone Soup version 0.17-a0-1115-g0372368 (webtiles) character file.

729 HEYYEYAAE the Shield-Bearer (level 7, -18/49 HPs)
             Began as an Octopode Fighter on May 23, 2015.
             Demolished by an ogre
             ... wielding a +0 giant club
              (28 damage)
             ... on level 4 of the Dungeon.
             The game lasted 00:03:39 (2956 turns).

HEYYEYAAE the Shield-Bearer (Octopode Fighter)      Turns: 2956, Time: 00:03:39

Health: -18/49     AC:  1    Str: 15    XL:     7   Next: 73%
Magic:  7/7        EV: 12    Int: 11    God:
Gold:   170        SH:  9    Dex: 13    Spells: 0 memorised, 6 levels left

rFire  . . .     SeeInvis .     c - +1 short sword (venom)
rCold  . . .     Clarity  .     b - +0 shield
rNeg   . . .     SustAt   .     (helmet restricted)
rPois  .         Gourm    .     (no amulet)
rElec  .         Spirit   .     k - ring of wizardry
rCorr  .         Warding  .     (no ring)
rMut   .         Stasis   .     (no ring)
MR     .....                    (no ring)
Stlth  ++........               (no ring)
                                (no ring)
                                (no ring)
                                (no ring)

@: not resistant to hostile enchantments, unstealthy
A: almost no armour, amphibious, 8 rings, constrict 8, camouflage 1, gelatinous
body 1
a: no special abilities


You were on level 4 of the Dungeon.
You were not hungry.

You visited 1 branch of the dungeon, and saw 4 of its levels.

You collected 170 gold pieces.

Inventory:

Hand weapons
 a - a +0 war axe
 c - a +1 short sword of venom (weapon)
Armour
 b - a +0 shield (worn)
Jewellery
 k - a ring of wizardry (left tentacle)
 s - an uncursed amulet of stasis {unknown}
Magical devices
 r - a wand of teleportation (2)
Scrolls
 f - 3 scrolls of remove curse {unknown}
 g - a scroll of enchant weapon {unknown}
 h - 7 scrolls of identify {unknown}
 i - a scroll of amnesia {unknown}
 q - a scroll of immolation {unknown}
 t - 2 scrolls of teleportation {unknown}
 u - 2 scrolls of fog {unknown}
Potions
 e - a potion of heal wounds
 j - a potion of cure mutation {unknown}
 l - 2 potions of agility {unknown}
 m - a potion of curing {unknown}
 n - 2 potions of poison {unknown}
 o - a potion of flight {unknown}
 w - a potion of lignification {unknown}
 x - a potion of degeneration {unknown}
Comestibles
 d - 3 bread rations
 p - 2 slices of pizza
 v - 7 chunks of flesh


   Skills:
 + Level 4.5 Fighting
 + Level 4.1 Axes
 * Level 5.3 Dodging
 * Level 5.6 Shields


You had 6 spell levels left.
You didn't know any spells.

Dungeon Overview and Level Annotations

Branches:
Dungeon (4/15)
 Temple: D:4-7

Altars:
Elyvilon
Ru
Trog
Vehumet


Innate Abilities, Weirdness & Mutations

You cannot wear most types of armour.
You are amphibious.
You can wear up to eight rings at the same time.
You can use your tentacles to constrict eight enemies at once.
Your skin changes colour to match your surroundings (Stealth).
Your rubbery body absorbs attacks (AC +1).


Message History

You see here a murky cyan potion.
x - a murky cyan potion You block the ogre's attack.
You block the gnoll's attack. The ogre closely misses you.
The gnoll hits you from afar with a spear.
The ogre looks more healthy.
You barely miss the ogre. Your squeeze misses the ogre.
The ogre is severely wounded.
The ogre hits you with a giant club!
You completely miss the ogre.
The ogre is severely wounded.
The ogre hits you with a giant club!
* * * LOW HITPOINT WARNING * * *
The gnoll barely misses you.
You see here 22 stones.
A gnoll comes into view. It is wielding a halberd.
The gnoll shouts!
The ogre hits you with a giant club!!
Ouch! That really hurt!
You die...

#...............#..### ####
##.............###...###..#♣
.............## #.........#
............## ##.#####..##
....# ##....###...## .....#
##...#.........#
.g....##..## ###.[)...#
#.....# ####...# ...##.@.#
#...# ........O#### ###...#
..........g.#####.....#
...........g.(g.......#
..............###.....##
..............# ##......
...............##.......
######.........#..######
##........#.#


You could see an ogre and 3 gnolls.

Vanquished Creatures
  Grinder (D:4)
  Sigmund (D:3)
  An eye of draining (D:3)
  An orc priest (D:4)
  Jessica (D:3)
  Natasha (twice) (D:3)
  A worker ant (D:4)
  Robin (D:3)
  A gnoll (D:4)
  5 adders
  4 worms
  5 orcs
  A ball python (D:3)
  8 bats
  3 giant cockroaches
  14 hobgoblins
  6 kobolds
  A giant cockroach zombie (D:3)
  3 giant geckos
  4 giant newts
  12 goblins
  5 jackals
  4 quokkas
  9 rats
94 creatures vanquished.

Notes
Turn   | Place    | Note
--------------------------------------------------------------
     0 | D:1      | HEYYEYAAE the Octopode Fighter began the quest for the Orb.
     0 | D:1      | Reached XP level 1. HP: 16/16 MP: 1/1
   102 | D:1      | Reached XP level 2. HP: 15/21 MP: 2/2
   636 | D:1      | Reached XP level 3. HP: 24/26 MP: 3/3
  1072 | D:2      | Found a radiant altar of Vehumet.
  1332 | D:2      | Reached XP level 4. HP: 27/31 MP: 4/4
  1460 | D:2      | Found a white marble altar of Elyvilon.
  1636 | D:3      | Noticed Jessica
  1641 | D:3      | Killed Jessica
  1641 | D:3      | Reached skill level 4 in Shields
  1682 | D:3      | Noticed Natasha
  1932 | D:3      | Reached XP level 5. HP: 32/36 MP: 5/5
  1942 | D:3      | Killed Natasha
  2191 | D:3      | Found a sacrificial altar of Ru.
  2220 | D:3      | Noticed Robin
  2275 | D:3      | Noticed Natasha
  2293 | D:3      | Killed Natasha
  2319 | D:3      | Killed Robin
  2372 | D:3      | Noticed Sigmund
  2384 | D:3      | Killed Sigmund
  2384 | D:3      | Reached XP level 6. HP: 26/43 MP: 6/6
  2417 | D:3      | Found a bloodstained altar of Trog.
  2417 | D:3      | Noticed an eye of draining
  2424 | D:3      | Killed an eye of draining
  2424 | D:3      | Reached skill level 5 in Shields
  2424 | D:3      | Reached XP level 7. HP: 33/48 MP: 0/7
  2876 | D:4      | Noticed Grinder
  2895 | D:4      | Killed Grinder
  2895 | D:4      | Reached skill level 5 in Dodging
  2956 | D:4      | Demolished by an ogre

Vault maps used:
D:1:      onia_arrival_larder, minmay_surrounded
D:2:      lemuel_crystal_altar, first_bread, elyvilon_altar_3
D:3:      hangedman_ru_absence, trog_eyes_of_draining, uniq_natasha, uniq_robin,
          uniq_jessica, uniq_sigmund
D:4:      temple_green, serial_shops, kennysheep_little_box,
          fedhas_altar_fruit_tree, uniq_grinder

Action                   |  1- 3 |  4- 6 |  7- 9 || total
-------------------------+-------+-------+-------++-------
Melee: War axe           |    62 |    77 |    20 ||   159
       Short sword       |       |       |    14 ||    14
Evoke: Wand              |       |     1 |       ||     1
  Use: Potion            |       |     2 |       ||     2
 Stab: Sleeping          |     2 |     1 |     1 ||     4
  Eat: Chunk             |     1 |     2 |     2 ||     5
       Beef jerky        |       |     1 |       ||     1
